 Dungeon Crawl Stone Soup version 0.28-a0-1447-ga5a8893891 (webtiles) character file.

Game seed: 16184286750192198412

4 dracfodder the Conjurer (level 1, -2/13 HPs)
             Began as a Human Conjurer on Jan 10, 2022.
             Slain by a quokka (3 damage)
             ... on level 1 of the Dungeon.
             The game lasted 00:02:00 (94 turns).

dracfodder the Conjurer (Human Conjurer)              Turns: 94, Time: 00:02:01

Health: -2/13      AC:  2    Str:  7    XL:     1   Next: 66%
Magic:  2/3        EV: 12    Int: 18    God:
Gold:   0          SH:  0    Dex: 11    Spells: 3/4 levels left

rFire   . . .      SeeInvis .   (no weapon)
rCold   . . .      Faith    .   (no shield)
rNeg    . . .      Spirit   .   a - +0 robe
rPois   .          Reflect  .   (no helmet)
rElec   .          Harm     .   (no cloak)
rCorr   .          Rampage  .   (no gloves)
Will    .....                   (no boots)
Stlth   ++........              (no amulet)
HPRegen 0.04/turn               (no ring)
MPRegen 0.08/turn               (no ring)

@: no status effects
A: no striking features
a: no special abilities


You were on level 1 of the Dungeon.
You visited 1 branch of the dungeon, and saw 1 of its levels.

Inventory:

Missiles
 b - 29 stones
Armour
 a - a +0 robe (worn)


   Skills:
 + Level 2.1 Dodging
 + Level 2.0 Stealth
 + Level 2.0 Spellcasting
 * Level 4.1 Conjurations


You had 3 spell levels left.
You knew the following spells:

 Your Spells              Type           Power      Damage    Failure   Level
a - Magic Dart            Conj           64%        1d6       3%          1

Your spell library contained the following spells:

 Spells                   Type           Power      Damage    Failure   Level
 Searing Ray              Conj           32%        2d5       4%          2
 Dazzling Flash           Conj/Hex       18%        N/A       24%         3
 Fulminant Prism          Conj/Hex       4%         3d6       61%         4
 Iskenderun's Mystic Bla  Conj/Tloc      9%         2d4       61%         4


Dungeon Overview and Level Annotations

Branches:
Dungeon (1/15)

Altars:


Message History

The magic dart hits the endoplasm but does no damage.
The endoplasm freezes you.
You are frozen.
Found a stone staircase leading down.
You open the door.
A quokka comes into view.
The endoplasm freezes you.
You are frozen.
* * * LOW HITPOINT WARNING * * *
There is an open door here.
Unknown command.
The quokka closely misses you. The quokka closely misses you.
The quokka completely misses you. As you open the door, it creaks loudly!
A kobold comes into view. It is wielding a +0 dagger.
The kobold shouts!
The quokka closely misses you. The endoplasm hits you.
* * * LOW HITPOINT WARNING * * *
Unknown command.
The quokka barely misses you.
There is an open door here.
The kobold barely misses you. The kobold misses you.
Aiming: Magic Dart (safe; 3% risk of failure)
Press: ? - help, Q - select action, (/) - cycle Shift-Dir - straight line, f/p - endoplasm
Aim: an endoplasm (100% to hit)
The magic dart hits the endoplasm.
You kill the endoplasm!
The quokka misses you.
The quokka twitches its whiskers.
The kobold throws a stone.
The stone hits you but does no damage. The quokka bites you.
* * * LOW HITPOINT WARNING * * *
The kobold throws a stone.
The stone misses you. The quokka closely misses you.
Things that are here:
3 stones; a hobgoblin corpse The quokka bites you.
You die...

### ######## #.#
#######......###.#######
......'......'.........>
####.##......###.######
#.###....## #.# #.#
#....# #.# ##.# #....#
#.# ##..# ##...# #@#
##.#.# ##### #r# #.##.#
#.# #.##.###### #.#
..##......######.#
.###......##...K.## .#
#.......K......#
####..............#
#.................#


You could see a quokka and a kobold.

Vanquished Creatures
  A ball python (D:1)
  An endoplasm (D:1)
  A hobgoblin (D:1)
3 creatures vanquished.

Notes
Turn   | Place    | Note
-------+----------+-------------------------------------------
     0 | D:1      | dracfodder the Human Conjurer began the quest for the Orb.
     0 | D:1      | Reached XP level 1. HP: 13/13 MP: 3/3
    94 | D:1      | Slain by a quokka

Illustrated notes

Levels and vault maps discovered:
D:1:      dpeg_arrival_simpleton_a, layout_basic, nicolae_figureground_pulse

Action                   || total
-------------------------++-------
Throw: Stone             ||     5
 Cast: Magic Dart        ||     6
Armor: Robe              ||     1
Dodge: Dodged            ||    12

Table legend: (Time is in decaauts)
 A = Elapsed time spent in this place.
 B = Non-inter-level travel time spent in this place.
 C = Inter-level travel time spent in this place.
 D = Time resting spent in this place.
 E = Time spent auto-exploring this place.
 F = Levels seen in this place.
 G = Mean time per level.
                   A        B        C        D        E       F      G
               +--------+--------+--------+--------+--------+-----+--------+
         Total |     94 |     94 |      0 |      0 |     24 |   1 |   94.0 |
       Dungeon |     94 |     94 |      0 |      0 |     24 |   1 |   94.0 |
               +--------+--------+--------+--------+--------+-----+--------+

Top non-repeatable levels by time:
     D:1: 94 daAuts
